 Dungeon Crawl Stone Soup version 0.31-a0-177-g4aa6249778 (webtiles) character file.

Game seed: 4099887005997730730

2812 Jeffwins the Conjurer (level 9, -4/59 HPs)
             Began as an Octopode Wanderer on June 18, 2023.
             Was an Initiate of Gozag.
             Slain by an orc warlord
             ... wielding a +7 broad axe
              (30 damage)
             ... in a bailey.
             The game lasted 00:17:09 (7354 turns).

Jeffwins the Conjurer (Octopode Wanderer)           Turns: 7354, Time: 00:17:10

Health: -4/59      AC:  1    Str: 11    XL:     9   Next: 72%
Magic:  24/24      EV: 19    Int: 20    God:    Gozag
Gold:   701        SH:  0    Dex: 10    Spells: 7/17 levels left

rFire   . . .        a - +3 short sword
rCold   + . .        (no shield)
rNeg    . . .        (helmet restricted)
rPois   +            I - amulet "Waxuhelarphu" {Harm Regen+}
rElec   .            L - ring of flight
rCorr   .            P - ring of poison resistance
SInv    .            E - +5 ring of evasion
Will    .....        C - ring of protection from cold
Stlth   +++++        W - ring of magical power
HPRegen 1.09/turn    (no ring)
MPRegen 0.19/turn    (no ring)
                     (no ring)

%: harm (+30% outgoing, +20% incoming)
@: flying
A: almost no armour, amphibious, 8 rings, camouflage 1, gelatinous body 1,
nimble swimmer 1, tentacles
a: Renounce Religion, Potion Petition, Call Merchant, Bribe Branch


You were in a bailey.
You worshipped Gozag.
Gozag was pleased with you.
You visited 2 branches of the dungeon, and saw 8 of its levels.
You also visited: Ossuary and Bailey.

You collected 1262 gold pieces.
You spent 469 gold pieces at shops.
You paid 92 gold pieces to Gozag.


Innate Abilities, Weirdness & Mutations

You cannot wear most types of armour.
You are amphibious.
You can wear up to eight rings at the same time.
Your skin changes colour to match your surroundings (Stealth+).
Your rubbery body absorbs attacks. (AC +1, EV +1)
You are camouflaged when in or above water. (Stealth+)
You have tentacles for arms and can constrict up to eight enemies at once.


   Skills:
 + Level 4.4 Fighting
 + Level 4.8 Throwing
 + Level 4.3 Dodging
 + Level 6.3 Stealth
 * Level 4.6 Spellcasting
 * Level 7.1 Conjurations
 * Level 2.6 Summonings
 - Level 1.0 Necromancy
 * Level 2.6 Air Magic
 * Level 3.1 Poison Magic
 + Level 0.6 Evocations


You had 7 spell levels left.
You knew the following spells:

 Your Spells              Type           Power      Damage    Failure   Level
l - Summon Lightning Spi  Summ/Air       15%        N/A       38%         4
m - Mephitic Cloud        Conj/Pois/Air  21%        N/A       6%          3
z - Searing Ray           Conj           66%        2d6       1%          2
X - Kiss of Death         Conj/Necr      80%        2d11      2%          1

Your spell library contained the following spells:

 Spells                   Type           Power      Damage    Failure   Level
 Magic Dart               Conj           100%       1d8       1%          1
 Call Imp                 Summ           30%        N/A       6%          2
 Cigotuvi's Dreadful Rot  Necr/Pois/Air  26%        N/A       8%          2
 Slow                     Hex            16%        N/A       12%         1
 Sublimation of Blood     Necr           8%         N/A       12%         2
 Vampiric Draining        Necr           8%         2d6       24%         3
 Fulminant Prism          Conj/Hex       9%         3d7       28%         4
 Confusing Touch          Hex            4%         N/A       36%         3
 Blade Hands              Tmut           2%         N/A       98%         5
 Animate Armour           Summ/Erth      Unusable   N/A       N/A         4

Inventory:

Hand Weapons
 a - a +3 short sword (weapon)
 D - a +0 orcbow
 H - a +1 whip of pain
 M - a +2 scythe of protection
Missiles
 b - 27 poisoned darts
 w - 6 atropa-tipped darts
 F - 6 curare-tipped darts (quivered) {=f}
Armour
 l - an orb of wrath
 r - an orb of mayhem
Jewellery
 t - an amulet of the acrobat
 C - a ring of protection from cold (on tentacle)
 E - a +5 ring of evasion (on tentacle)
 I - the amulet "Waxuhelarphu" (around mantle) {Harm Regen+}
   (You bought it in a shop on level 6 of the Dungeon)

   [amulet of regeneration]

   Regen:     It increases your rate of health regeneration.
   Harm:      It increases damage dealt and taken.
 J - an amulet of magic regeneration
 L - a ring of flight (left tentacle)
 P - a ring of poison resistance (right tentacle)
 W - a ring of magical power (on tentacle)
Wands
 f - a wand of polymorph (12)
Scrolls
 c - 6 scrolls of fear
 d - 3 scrolls of enchant weapon
 h - a scroll of enchant armour
 k - 2 scrolls of amnesia
 m - a scroll of fog
 u - a scroll of noise {!r}
 x - a scroll of immolation {!r}
 y - 4 scrolls of blinking
 A - a scroll of brand weapon
 B - a scroll of silence {!r}
 N - 3 scrolls of teleportation {@r4}
Potions
 e - 3 potions of ambrosia {unknown}
 g - 3 potions of haste {unknown}
 i - 2 potions of degeneration {unknown}
 j - 4 potions of heal wounds {@q2}
 n - 2 potions of mutation {unknown}
 o - 6 potions of curing {@q1}
 p - a potion of experience
 q - a potion of attraction {unknown}
 s - 2 potions of brilliance {unknown}
 v - a potion of lignification {unknown}
 z - a potion of invisibility {unknown}
 G - 2 potions of might
 K - a potion of cancellation {unknown}

Dungeon Overview and Level Annotations

Branches:
Dungeon (7/15)             Temple (1/1) D:4         Ossuary (visited)
 Bailey (1/1)

Altars:
Ashenzari
Cheibriados
Dithmenos
Elyvilon
Gozag
Hepliaklqana
Kikubaaqudgha
Makhleb
Qazlal
Ru
Sif Muna
Trog
Uskayaw
Vehumet
Xom
Yredelemnul
Zin
The Shining One

Shops:
D:5 ( D:6

=
.......)................▒
.8..8.............8..8..▒
..........(...o.(.......▒
.......................▒▒♣
▒...8...▒▒)''▒▒...8...▒▒≈♣
▒▒.....▒▒.....▒▒.....▒▒≈≈♣
≈▒▒...▒▒....))(▒▒...▒▒≈≈≈♣
≈≈▒▒▒▒▒.......(.▒▒▒▒▒≈≈≈♣♣
≈≈≈≈≈≈≈....∩..(o@≈≈≈≈≈≈♣♣
♣≈≈≈≈≈≈.........≈≈≈≈≈≈♣♣
♣♣♣♣♣♣♣♣♣♣.∩.♣♣♣♣♣♣♣♣♣♣
♣♣♣♣♣


You could see an orc warlord.


Message History

You hear a splash. x2
The orc warlord is engulfed in noxious fumes.
Unknown command.
The orc warlord is engulfed in noxious fumes.
The orc warlord is distracted by your dazzling golden aura.
Unknown command.
The orc warlord is no longer distracted by gold.
Your magical contamination has completely faded away.
The orc warlord is distracted by your dazzling golden aura.
The orc warlord is no longer distracted by gold.
Casting: Mephitic Cloud (dangerous; 6% risk of failure)
Confirm with . or Enter, or press ? or * to list all spells.
Aiming: Mephitic Cloud (dangerous; 6% risk of failure)
Press: ? - help, Shift-Dir - straight line, f/p - orc warlord
Aim: an orc warlord, wielding a +7 broad axe and wearing a +0 plate armour (unaware, hasn't noticed you, chance to affect: 29%)
You miscast Mephitic Cloud.
You are very lightly contaminated with residual magic.
Nothing appears to happen.
The orc warlord shouts!
Unknown command.
Your magical contamination has completely faded away.
The orc warlord hits you with a +7 broad axe!!
Ouch! That really hurt!
* * * LOW HITPOINT WARNING * * *
Items here: $ ( )) [[.
The orc warlord attacks as you move away!
The orc warlord hits you with a +7 broad axe!!
Ouch! That really hurt!
You die...
Your body crumbles into a pile of gold.

Skill      XL: |  1  2  3  4  5  6  7  8  9 |
---------------+----------------------------+-----
Stealth        | 2 3 4 5 6 |  6.3
Fighting       | 1 2 3 4 |  4.4
Conjurations   | 4 5 6 7 |  7.1
Dodging        | 2 3 4 |  4.3
Throwing       | 3 4 |  4.8
Spellcasting   | 3 4 |  4.6
Poison Magic   | 1 3 |  3.1
Summonings     | 2 |  2.6
Air Magic      | 2 |  2.6
Necromancy     | |  1.0
Evocations     | |  0.6

Action                     |  1- 3 |  4- 6 |  7- 9 || total
---------------------------+-------+-------+-------++-------
  Melee: Dagger            |    30 |       |       ||    30
         Tentacles         |    15 |    16 |    54 ||    85
         Constrict         |     9 |    14 |    47 ||    70
         Short sword       |    31 |    91 |   206 ||   328
         Punch             |       |     1 |     2 ||     3
  Throw: Dart              |       |       |     1 ||     1
   Cast: Searing Ray       |     3 |    14 |    31 ||    48
         Mephitic Cloud    |       |       |     8 ||     8
  Evoke: Wand              |       |       |     2 ||     2
    Use: Potion            |     1 |       |       ||     1
         Scroll            |       |       |    10 ||    10
   Stab: Sleeping          |    10 |    13 |    15 ||    38
         Confused          |       |       |     3 ||     3
         Distracted        |       |       |     1 ||     1
 Armour: Skin              |    12 |     6 |     7 ||    25
  Dodge: Dodged            |    30 |    60 |   210 ||   300

Levels and vault maps discovered:
D:1:      lightli_arrival_statuegarden, layout_basic
D:2:      layout_rooms, minmay_divided_ellipse
D:3:      layout_loops_ring, mainiacjoe_overflow_six_doors_small,
          mainiacjoe_overflow_catwalk_spiral
D:4:      layout_basic, mainiacjoe_overflow_big_doors,
          minmay_temple_entry_overgrown
D:5:      layout_basic, nicolae_ashenzari_panopticon, serial_shops, shop,
          chequers_serial_rivers_large_a, hangedman_decor_riveting
D:6:      layout_loops_cross, nicolae_overflow_hidden_temple,
          nicolae_hepliaklqana_hazy_memory, serial_shops, nicolae_shop_stone,
          minmay_stone_trees_small, hangedman_abyss_or_decor_passed,
          uniq_sigmund
D:7:      layout_cave_pools, chequers_ossuary_entry_cave, enter_bailey_5,
          lemuel_flame_loot_1, uniq_duvessa, uniq_pikel
Temple:   bh_familiar_temple
Bailey:   bailey_axe_bossmonster_kennysheep, bailey

Notes
Turn   | Place    | Note
-------+----------+-------------------------------------------
     0 | D:1      | Jeffwins the Octopode Wanderer began the quest for the Orb.
     0 | D:1      | Jeffwins set off with the following items: a +0 dagger, 14
                  | poisoned darts, a scroll of fear; and the following spell
                  | memorised: Kiss of Death; and the following spells
                  | available to memorise: Searing Ray, Sublimation of Blood,
                  | Cigotuvi's Dreadful Rot, Fulminant Prism.
     0 | D:1      | Reached XP level 1. HP: 11/11 MP: 3/3
   130 | D:1      | Reached XP level 2. HP: 17/17 MP: 5/5
   133 | D:1      | Learned a level 2 spell: Searing Ray
   658 | D:1      | Reached XP level 3. HP: 22/22 MP: 6/6
   693 | D:1      | Reached skill level 2 in Stealth
   909 | D:2      | Reached skill level 1 in Fighting
  1027 | D:2      | Reached XP level 4. HP: 8/28 MP: 2/7
  1927 | D:3      | Reached XP level 5. HP: 28/33 MP: 0/8
  2132 | D:3      | Found a snail-covered altar of Cheibriados.
  2165 | D:3      | Found an ancient bone altar of Kikubaaqudgha.
  2168 | D:3      | Found a shadowy altar of Dithmenos.
  2941 | D:4      | Reached skill level 4 in Conjurations
  2956 | D:4      | Found a staircase to the Ecumenical Temple.
  3000 | D:4      | Reached skill level 2 in Dodging
  3000 | D:4      | Reached skill level 3 in Stealth
  3024 | Temple   | Entered the Ecumenical Temple
  3319 | Temple   | Became a worshipper of Gozag Ym Sagoz the Greedy
  3352 | D:4      | Reached skill level 2 in Fighting
  3391 | D:4      | Found a burning altar of Makhleb.
  3396 | D:4      | Found a white marble altar of Elyvilon.
  3423 | D:4      | Reached XP level 6. HP: 39/39 MP: 10/10
  3530 | D:4      | Reached skill level 3 in Throwing
  3731 | D:4      | Reached skill level 3 in Spellcasting
  3949 | D:5      | Entered Level 5 of the Dungeon
  3966 | D:5      | Noticed a black bear
  3975 | D:5      | Killed a black bear
  3976 | D:5      | Reached XP level 7. HP: 16/45 MP: 2/11
  4092 | D:5      | Found a broken altar of Ashenzari.
  4135 | D:5      | Reached skill level 4 in Stealth
  4178 | D:5      | Reached skill level 5 in Conjurations
  4556 | D:5      | Reached skill level 3 in Dodging
  4678 | D:5      | Reached skill level 3 in Fighting
  4903 | D:5      | Reached XP level 8. HP: 37/52 MP: 4/13
  5060 | D:5      | Reached skill level 4 in Throwing
  5229 | D:5      | Reached skill level 5 in Stealth
  5277 | D:5      | Found Orumeodd's Weapon Shop.
  5286 | D:5      | Bought 4 curare-tipped darts for 62 gold pieces
  5462 | D:6      | Reached skill level 6 in Conjurations
  5524 | D:6      | Reached skill level 4 in Spellcasting
  5596 | D:6      | Found a hazy altar of Hepliaklqana.
  5614 | D:6      | Found Keiviut's Jewellery Emporium.
  5763 | D:6      | Bought the amulet "Waxuhelarphu" {Harm Regen+} for 407 gold
                  | pieces
  5819 | D:6      | Learned a level 3 spell: Mephitic Cloud
  5824 | D:6      | Learned a level 4 spell: Summon Lightning Spire
  6089 | D:6      | Reached skill level 4 in Fighting
  6089 | D:6      | Reached skill level 1 in Poison Magic
  6089 | D:6      | Reached XP level 9. HP: 58/58 MP: 15/15
  6330 | D:6      | Noticed Sigmund
  6338 | D:6      | Reached skill level 4 in Dodging
  6338 | D:6      | Reached skill level 1 in Summonings
  6338 | D:6      | Reached skill level 1 in Air Magic
  6340 | D:6      | Killed Sigmund
  6534 | D:7      | Found a flagged portal.
  6544 | D:7      | Reached skill level 6 in Stealth
  6561 | D:7      | Reached skill level 2 in Poison Magic
  6588 | D:7      | Noticed Dowan
  6612 | D:7      | Found a sand-covered staircase.
  6619 | Ossuary  | Entered an ossuary
  6765 | Ossuary  | Reached skill level 2 in Summonings
  6792 | Ossuary  | Reached skill level 2 in Air Magic
  6862 | D:7      | Noticed Duvessa
  6874 | D:7      | Killed Duvessa
  6875 | D:7      | Reached skill level 7 in Conjurations
  6880 | D:7      | Killed Dowan
  6909 | Bailey   | Entered a bailey
  6914 | Bailey   | Noticed an orc warlord
  7046 | Bailey   | Reached skill level 3 in Poison Magic
  7246 | Bailey   | Found a runed translucent gate.
  7264 | Bailey   | Found a runed translucent gate.
  7265 | Bailey   | Found a runed translucent gate.
  7354 | Bailey   | Slain by an orc warlord

Vanquished Creatures
  Sigmund (D:6)
  Duvessa (D:7)
  4 orc warriors
  An ice beast (D:5)
  2 black bears
  2 ogres (D:6)
  A sky beast (D:6)
  A centaur (D:6)
  A phantom (D:5)
  2 bullfrogs
  A gnoll sergeant (D:5)
  3 scorpions
  4 water moccasin zombies (Ossuary)
  Dowan (D:7)
  A jelly (D:4)
  A howler monkey (D:5)
  4 orc priests
  A gnoll bouda (D:6)
  3 hounds
  3 orc wizards
  2 iguanas (D:5)
  2 mummies (Ossuary)
  10 gnolls
  11 adders
  A white imp (D:6)
  An ufetubus (D:6)
  5 adder zombies (Ossuary)
  A worm (D:3)
  A dart slug (D:1)
  17 orcs
  10 endoplasms
  4 giant cockroaches
  A gnoll zombie (Ossuary)
  15 goblins
  9 hobgoblins
  4 jackals (D:3)
  6 quokkas
  4 ball pythons
  9 bats
  4 frilled lizards
  4 hobgoblin zombies (Ossuary)
  20 kobolds
  3 kobold zombies (Ossuary)
  5 orc zombies (Ossuary)
  4 rats
191 creatures vanquished.

Table legend: (Time is in decaauts)
 A = Elapsed time spent in this place.
 B = Non-inter-level travel time spent in this place.
 C = Inter-level travel time spent in this place.
 D = Time resting spent in this place.
 E = Time spent auto-exploring this place.
 F = Levels seen in this place.
 G = Mean time per level.
                   A        B        C        D        E       F      G
               +--------+--------+--------+--------+--------+-----+--------+
         Total |   7350 |   7056 |    294 |     46 |   5444 |  10 |  735.0 |
       Dungeon |   6359 |   6154 |    205 |     46 |   4909 |   7 |  908.4 |
        Temple |    313 |    224 |     89 |      0 |    219 |   1 |  313.0 |
       Ossuary |    231 |    231 |      0 |      0 |    103 |   1 |  231.0 |
        Bailey |    444 |    444 |      0 |      0 |    213 |   1 |  444.0 |
               +--------+--------+--------+--------+--------+-----+--------+

Top non-repeatable levels by time:
     D:5: 1399 daAuts
     D:6: 1128 daAuts
     D:2: 947 daAuts
     D:4: 941 daAuts
     D:3: 897 daAuts
     D:1: 891 daAuts
  Bailey: 444 daAuts
  Temple: 313 daAuts
 Ossuary: 231 daAuts
     D:7: 153 daAuts

Table legend:
 A = Non-vault XP
 B = Vault XP
 C = Vault XP percentage of total XP
 D = Non-vault monster count
 E = Vault monster count
 F = Vault count percentage of total count
                 A         B        C        D         E       F
            +---------+---------+-------+---------+---------+-------
      Total |    2669 |    1349 |  33.6 |     126 |      65 |  34.0
            +---------+---------+-------+---------+---------+-------
        D:1 |      38 |       0 |   0.0 |      23 |       0 |   0.0
        D:2 |      55 |      57 |  50.9 |      12 |      13 |  52.0
        D:3 |      68 |       0 |   0.0 |      23 |       0 |   0.0
        D:4 |     308 |       0 |   0.0 |      14 |       0 |   0.0
        D:5 |    1054 |       0 |   0.0 |      29 |       0 |   0.0
        D:6 |     962 |     226 |  19.0 |      20 |       1 |   4.8
        D:7 |     184 |     229 |  55.4 |       5 |       3 |  37.5
    Ossuary |       0 |     382 | 100.0 |       0 |      24 | 100.0
     Bailey |       0 |     455 | 100.0 |       0 |      24 | 100.0
            +---------+---------+-------+---------+---------+-------
